cohdb
Replays
Latest Replays
All Replays
Popular Replays
Top Player Replays
Match Explorer
How It Works
Community
CoH3 Stats
Reddit
Sign in to upload your games and track your stats! →
Sign in with Steam
Match 41192780
Unlisted
Match 41192780
Overview
Messages
Build Orders
End
Selects Armored Battlegroup
Selects Assault Engineers
Assault Engineer Squad
Construct Weapon Support Center
M1919 Machine Gun Team
Assault Engineer Squad
Assault Engineer Squad
Selects Fast Deploy
Assault Engineer Squad
Air Support Center
Bazooka Squad
M3 Armored Personnel Carrier
Grasshopper Recon Run
P-47 Strafing Run
Mortar Pit
Grasshopper Recon Run
P-47 Strafing Run
Bazooka Squad
Selects Field Repairs
Construct Medical Station
M1919 Machine Gun Team
Construct Tank Depot
Grasshopper Recon Run
P-47 Strafing Run
Selects War Machine
M4(105) Sherman Bulldozer
P-47 Strafing Run
Grasshopper Recon Run
P-47 Dive Bomb
M18 Hellcat Tank Destroyer
M18 Hellcat Tank Destroyer
Grasshopper Recon Run
P-47 Dive Bomb
Mortar Pit
Grasshopper Recon Run
M18 Hellcat Tank Destroyer
Selects Seek and Destroy
Seek and Destroy
P-47 Dive Bomb
.30 cal Machine Gun
Assault Engineer Squad
Selects UNKNOWN (2160077)
Grasshopper Recon Run
P-47 Strafing Run
Chuef
Smol Aki
Derpmaci
WatchinLifeGoBy
insane
Vettlen
WunderWaflya
St4RgAz3R*
0
0
Comments
sign in to comment!
No comments posted yet!